 Dungeon Crawl Stone Soup version 0.24-a0-22-g2a401c0 (console) character file.

Game seed: 17158762793327868744

128 Voker57 the Slasher (level 4, -1/51 HPs)
             Began as a Demonspawn Gladiator on Feb 1, 2019.
             Slain by an adder (3 damage)
             ... on level 4 of the Dungeon.
             The game lasted 00:03:49 (2911 turns).

Voker57 the Slasher (Demonspawn Gladiator)          Turns: 2911, Time: 00:03:50

Health: -1/51      AC: 22    Str: 14    XL:     4   Next: 86%
Magic:  4/4        EV:  2    Int: 12    God:
Gold:   49         SH:  0    Dex: 15    Spells: 3/3 levels left

rFire    . . .     SeeInvis .   a - +0 long sword
rCold    . . .     Gourm    .   (no shield)
rNeg     + + +     Faith    .   (armour currently unavailable)
rPois    +         Spirit   .   (helmet currently unavailable)
rElec    .         Reflect  .   (cloak currently unavailable)
rCorr    .         Harm     .   (gloves currently unavailable)
MR       .....     NoTele   +   (boots currently unavailable)
Stlth    ++........             (no amulet)
HPRegen  0.17/turn              (no ring)
MPRegen  0.09/turn              (no ring)

@: tree-form, hasted, very quick
A: clever 1, rot immunity
a: no special abilities


You were on level 4 of the Dungeon.
You were hungry.
You were a tree.
You visited 1 branch of the dungeon, and saw 4 of its levels.

You collected 49 gold pieces.

Inventory:

Hand Weapons
 a - a +0 long sword (weapon)
Missiles
 d - 2 throwing nets (quivered)
Armour
 b - a +0 leather armour (melded)
 c - a +0 helmet
 k - a cursed +0 helmet (melded)
Scrolls
 h - 4 scrolls of teleportation {unknown}
 j - a scroll of immolation {unknown}
 m - 5 scrolls of remove curse {unknown}
 n - 3 scrolls of fog {unknown}
Potions
 e - a potion of haste
 o - a potion of resistance {unknown}
 p - a potion of might {unknown}
Comestibles
 f - 2 rations
 q - a chunk of flesh


   Skills:
 + Level 2.5 Fighting
 + Level 3.8 Long Blades
 + Level 1.8 Throwing
 + Level 1.6 Armour
 + Level 3.2 Dodging
 + Level 0.7 Stealth


You had 3 spell levels left.
You didn't know any spells.
Your spell library was empty.

Dungeon Overview and Level Annotations

Branches:
Dungeon (4/15)
 Temple: D:4-7

Altars:
Elyvilon
Nemelex Xobeh
Xom


Innate Abilities, Weirdness & Mutations

You are immune to rotting.
Your mind is acute. (Int +2)
((You are covered in fur. (AC +1)))


Message History

It was a potion of curing.
You feel better. The adder bites you but does no damage.
The worker ant bites you.
* * * LOW HITPOINT WARNING * * *
You closely miss the worker ant.
The worker ant is severely wounded.
The adder bites you but does no damage.
The worker ant bites you but does no damage.
You completely miss the worker ant.
The worker ant is severely wounded.
The adder bites you but does no damage.
The worker ant bites you but does no damage.
You hit the worker ant.
The worker ant is almost dead.
The adder bites you.
* * * LOW HITPOINT WARNING * * *
The worker ant bites you but does no damage.
You completely miss the worker ant.
The worker ant is almost dead.
The adder bites you.
You die...

..# ..... ..
#..... #. .....S
######.###......
................
................
................
......a♣S#
.......†.#
....!....#
.........#
##########


You could see a worker ant and an adder.

Vanquished Creatures
  A hound (D:3)
  4 adders
  2 oozes
  A worm (D:3)
  A dart slug (D:1)
  A leopard gecko (D:2)
  A ball python (D:1)
  2 giant cockroaches
  3 goblins (D:1)
  5 hobgoblins
  5 jackals
  5 bats
  9 frilled lizards
  6 kobolds
  6 rats
52 creatures vanquished.

Notes
Turn   | Place    | Note
-------+----------+-------------------------------------------
     0 | D:1      | Voker57 the Demonspawn Gladiator began the quest for the
                  | Orb.
     0 | D:1      | Reached XP level 1. HP: 16/16 MP: 1/1
   411 | D:1      | Gained mutation: You are immune to rotting. [demonic
                  | ancestry]
   411 | D:1      | Reached XP level 2. HP: 22/22 MP: 2/2
  1256 | D:2      | Reached XP level 3. HP: 27/27 MP: 3/3
  1348 | D:2      | Reached skill level 1 in Armour
  1788 | D:2      | Found a shimmering altar of Xom.
  1788 | D:2      | Found a sparkling altar of Nemelex Xobeh.
  1796 | D:2      | Found a white marble altar of Elyvilon.
  2045 | D:2      | Reached XP level 4. HP: 25/34 MP: 4/4
  2905 | D:4      | Gained mutation: You are covered in fur. (AC +1) [potion of
                  | mutation]
  2905 | D:4      | Gained mutation: Your mind is acute. (Int +2) [potion of
                  | mutation]
  2905 | D:4      | HP: 1/34 [poisoned by a worker ant]
  2910 | D:4      | HP: 2/51 [adder (3)]
  2911 | D:4      | Slain by an adder

Vault maps used:
D:1:      dpeg_arrival_signposts
D:2:      gammafunk_temple_overflow_forgotten, minmay_door_square
D:4:      minitemple, lemuel_another_geyser

Skill      XL: |  1  2  3 |
---------------+----------+-----
Long Blades    | 3 |  3.8
Dodging        | 3 |  3.2
Armour         | 1 |  1.6
Fighting       | |  2.5
Throwing       | |  1.8
Stealth        | |  0.7

Action                   |  1- 3 |  4- 6 || total
-------------------------+-------+-------++-------
Melee: Long sword        |   112 |    39 ||   151
Throw: Throwing net      |       |     1 ||     1
  Use: Potion            |       |     4 ||     4
 Stab: Sleeping          |     1 |     2 ||     3
       Held in net/web   |       |     2 ||     2
  Eat: Chunk             |     4 |     2 ||     6
Armor: Leather armour    |    31 |     9 ||    40
       Skin              |       |     7 ||     7
Dodge: Dodged            |    89 |    28 ||   117
       Rpst.: Long sword |    39 |     6 ||    45

Table legend:
 A = Non-vault XP
 B = Vault XP
 C = Vault XP percentage of total XP
 D = Non-vault monster count
 E = Vault monster count
 F = Vault count percentage of total count
                 A         B        C        D         E       F
            +---------+---------+-------+---------+---------+-------
      Total |     183 |       0 |   0.0 |      52 |       0 |   0.0
            +---------+---------+-------+---------+---------+-------
        D:1 |      34 |       0 |   0.0 |      22 |       0 |   0.0
        D:2 |      71 |       0 |   0.0 |      20 |       0 |   0.0
        D:3 |      75 |       0 |   0.0 |       8 |       0 |   0.0
        D:4 |       3 |       0 |   0.0 |       2 |       0 |   0.0
            +---------+---------+-------+---------+---------+-------
